 Dungeon Crawl Stone Soup version 0.19-a0-1091-g463c9de (webtiles) character file.

315 Jmtri7 the Cleaver (level 6, 0/51 HPs)
             Began as a Hill Orc Fighter on Aug 7, 2016.
             Slain by a sky beast (6 damage)
             ... on level 4 of the Dungeon on Aug 8, 2016.
             The game lasted 00:12:15 (4064 turns).

Jmtri7 the Cleaver (Hill Orc Fighter)               Turns: 4064, Time: 00:12:16

Health: 0/51       AC:  6    Str: 26    XL:     6   Next: 44%
Magic:  6/6        EV: 11    Int:  8    God:
Gold:   190        SH:  0    Dex: 10    Spells: 0 memorised, 5 levels left

rFire  . . .     SeeInvis .     u - +3 scythe
rCold  . . .     Gourm    .     b - +0 scale mail
rNeg   . . .     Faith    .     (shield currently unavailable)
rPois  .         Spirit   .     (no helmet)
rElec  .         Dismiss  .     (no cloak)
rCorr  .         Reflect  .     (no gloves)
SustAt .         Harm     .     (no boots)
MR     .....                    c - amulet of regeneration
Stlth  ..........               (no ring)
                                k - +1 ring of evasion

@: mighty
A: no striking features
a: no special abilities


You were on level 4 of the Dungeon.
You were not hungry.

You visited 1 branch of the dungeon, and saw 5 of its levels.

You collected 190 gold pieces.

Inventory:

Hand Weapons
 a - a +0 war axe
 u - a +3 scythe (weapon)
Armour
 b - a +0 scale mail (worn)
Jewellery
 c - an amulet of regeneration (around neck)
 k - a +1 ring of evasion (left hand)
Scrolls
 e - 2 scrolls of teleportation {unknown}
 g - 2 scrolls of enchant weapon {unknown}
 i - 9 scrolls of identify {unknown}
 l - a scroll of magic mapping {unknown}
 o - 2 scrolls of enchant armour {unknown}
 p - a scroll of amnesia {unknown}
 q - 3 scrolls of remove curse {unknown}
 r - 2 scrolls of immolation {unknown}
 w - a scroll of noise {unknown}
 x - a scroll of fog {unknown}
 y - a scroll of fear {unknown}
Potions
 d - a potion of might
 j - a potion of flight {unknown}
 m - a potion of haste {unknown}
 t - a potion of mutation {unknown}
 v - a potion of resistance {unknown}
 z - a potion of degeneration {unknown}
 A - a potion of brilliance {unknown}
 B - a potion of lignification {unknown}
Comestibles
 f - 4 bread rations
 h - 3 meat rations
 n - a slice of pizza
 s - 6 fruits


   Skills:
 - Level 3.6 Fighting
 + Level 8.7 Axes
 - Level 3.2 Armour
   Level 3.2 Shields


You had 5 spell levels left.
You didn't know any spells.

Dungeon Overview and Level Annotations

Branches:
Dungeon (5/15)
 Temple: D:4-7

Altars:
Dithmenos
Nemelex Xobeh
Yredelemnul
The Shining One

Annotations:
D:3 Jmtri7's ghost, weakling HOFi
D:4 Jmtri7's ghost, amateur HOFi


Message History

A sky beast appears from thin air!
Reactivating autopickup.
There is a stone staircase leading up here.
The sky beast hits you but does no damage.
You climb upwards.
Level annotation: Jmtri7's ghost, amateur HOFi
There is a stone staircase leading down here.
The sky beast flickers out of sight!
Deactivating autopickup; reactivate with Ctrl-A.
You feel very mighty all of a sudden. Something hits you but does no damage.
You closely miss something. Something hits you. Something shocks you.
Something hits you.
* * * LOW HITPOINT WARNING * * *
Something shocks you.
* * * LOW HITPOINT WARNING * * *
You slash something! Something hits you.
* * * LOW HITPOINT WARNING * * *
Something shocks you.
You die...

### ##.########
##.........#
#######.....####.#
#.............##.#
#.#####.....#>##.#
#.######...##{##.######
##............@........#
##...#######.##.##..###.#
##.....######.##.###.###.#
..............##.# #.....#
##.....#########.# #.#####
###.....# #.# #.# #
##.##.# #(# #.#
####.##.##### #.# #.#
............####.# #.#


There were no monsters in sight!

Vanquished Creatures
  A scorpion (D:4)
  A giant frog skeleton (D:5)
  An orc priest (D:4)
  4 gnolls
  4 adders
  An ooze (D:1)
  An adder skeleton (D:4)
  5 worms
  3 dart slugs
  5 giant geckos
  11 orcs
  2 giant cockroaches
  7 goblins
  10 hobgoblins
  6 jackals
  8 kobolds
  2 quokkas
  A ball python (D:2)
  8 bats
  3 giant newts
  11 rats
95 creatures vanquished.

Notes
Turn   | Place    | Note
-------+----------+-------------------------------------------
     0 | D:1      | Jmtri7 the Hill Orc Fighter began the quest for the Orb.
     0 | D:1      | Reached XP level 1. HP: 19/19 MP: 1/1
   126 | D:1      | Reached skill level 3 in Axes
   193 | D:1      | Reached XP level 2. HP: 24/26 MP: 2/2
   346 | D:1      | Reached skill level 4 in Axes
   615 | D:1      | Reached XP level 3. HP: 31/31 MP: 3/3
   699 | D:1      | Found a sparkling altar of Nemelex Xobeh.
   873 | D:2      | Reached skill level 5 in Axes
   989 | D:1      | Reached XP level 4. HP: 10/39 MP: 4/4
  1392 | D:2      | Reached skill level 6 in Axes
  1418 | D:2      | Found a faded altar of an unknown god.
  1420 | D:2      | Found a shadowy altar of Dithmenos.
  1673 | D:2      | Reached XP level 5. HP: 38/45 MP: 5/5
  2132 | D:3      | Reached skill level 7 in Axes
  2243 | D:3      | Noticed Jmtri7's ghost (weakling HOFi)
  2548 | D:3      | Found a glowing golden altar of the Shining One.
  2973 | D:4      | Noticed Jmtri7's ghost (amateur HOFi)
  3387 | D:4      | Reached skill level 8 in Axes
  3387 | D:4      | Reached XP level 6. HP: 47/51 MP: 6/6
  3630 | D:4      | Found a basalt altar of Yredelemnul.
  4004 | D:5      | Entered Level 5 of the Dungeon
  4027 | D:5      | Noticed a sky beast
  4064 | D:4      | Slain by a sky beast

Vault maps used:
D:1:      wheals_arrival_linesprint, hangedman_decor_points,
          nemelex_diamond_rough_becter
D:2:      grunt_dithmenos_smoke_and_mirrors, ecumenical_altar_2
D:3:      first_bread, tso_altar
D:4:      marbit_many_paths, grunt_tough_drop
D:5:      grunt_temple_overflow_open, uniq_edmund

Skill      XL: |  1  2  3  4  5 |
---------------+----------------+-----
Axes           | 3 4 5 6 8 |  8.7
Fighting       | |  3.6
Armour         | |  3.2
Shields        | |  3.2

Action                   |  1- 3 |  4- 6 || total
-------------------------+-------+-------++-------
Melee: War axe           |   112 |   140 ||   252
       Hand axe          |       |     7 ||     7
       Scythe            |       |    41 ||    41
  Use: Potion            |       |     1 ||     1
  Eat: Chunk             |       |    10 ||    10
Armor: Scale mail        |    65 |    78 ||   143
Dodge: Dodged            |    46 |    87 ||   133
Block: Shield            |    71 |    17 ||    88
